 Dungeon Crawl Stone Soup version 0.26-a0-597-gb535b0901c (webtiles) character file.

Game seed: 14465897510126837126

2972 Brandom the Basher (level 9, -3/85 HPs)
             Began as a Palentonga Delver on Sept 10, 2020.
             Was a Believer of Qazlal.
             Slain by a large abomination (27 damage)
             ... on level 1 of the Abyss.
             The game lasted 00:36:45 (8995 turns).

Brandom the Basher (Palentonga Delver)              Turns: 8995, Time: 00:36:46

Health: -3/85      AC:  9    Str: 16    XL:     9   Next: 53%
Magic:  13/13      EV:  8    Int: 14    God:    Qazlal [**....]
Gold:   386        SH:  7    Dex: 11    Spells: 11/12 levels left

rFire    . . .     SeeInvis +   f - +4 flail
rCold    . . .     Faith    .   w - +0 buckler
rNeg     . . .     Spirit   .   k - +1 ring mail {rPois}
rPois    +         Reflect  .   (no helmet)
rElec    +         Harm     .   i - +1 cloak
rCorr    .                      r - +0 pair of gloves
MR       +....                  (no barding)
Stlth    ++........             (no amulet)
HPRegen  0.24/turn              D - ring "Dearit" {rElec Stlth+}
MPRegen  0.13/turn              l - ring of protection from magic

@: about to teleport
A: large, rugged brown scales 3, see invisible, deformed body, subdued magic 1,
roll, armoured tail
a: Rolling Charge, Upheaval, Renounce Religion


You were on level 1 of the Abyss.
You worshipped Qazlal.
Qazlal was pleased with you.
You visited 1 branch of the dungeon, and saw 8 of its levels.
You visited the Abyss 1 time.

You collected 386 gold pieces.

Inventory:

Hand Weapons
 f - a +4 flail (weapon)
   (You took it off an orc on level 4 of the Dungeon)
 j - a +4 dagger of speed
   (You took it off an orc wizard on level 5 of the Dungeon)
 B - a +0 hunting sling
   (You took it off a goblin on level 3 of the Dungeon)
 K - a +0 halberd of venom
   (You took it off a gnoll on level 6 of the Dungeon)
Missiles
 o - 225 stones (quivered)
 C - 26 sling bullets
 G - 2 throwing nets {!f}
Armour
 i - a +1 cloak (worn)
   (You found it on level 4 of the Dungeon)
 k - a +1 ring mail of poison resistance (worn)
   (You took it off an orc on level 5 of the Dungeon)
 p - a +0 cloak of preservation
   (You found it on level 1 of the Abyss)
 r - a +0 pair of gloves (worn)
   (You found it on level 3 of the Dungeon)
 w - a +0 buckler (worn)
   (You found it on level 1 of the Dungeon)
 H - a scarf of harm
   (You found it on level 5 of the Dungeon)
 I - a +0 tower shield
   (You found it on level 6 of the Dungeon)
 M - a +0 kite shield
   (You found it on level 6 of the Dungeon)
Jewellery
 b - an uncursed ring of ice {unknown}
   (You found it on level 7 of the Dungeon)
 l - a ring of protection from magic (right hand)
   (You found it on level 1 of the Dungeon)
 t - an uncursed ring of positive energy
   (You found it on level 1 of the Dungeon)
 D - the ring "Dearit" (left hand) {rElec Stlth+}
   (You found it on level 4 of the Dungeon)

   [ring of stealth]

   It insulates you from electricity.
   It makes you more stealthy.
 N - an uncursed ring of resist corrosion
   (You found it on level 7 of the Dungeon)
Wands
 m - a wand of enslavement (9)
   (You found it on level 7 of the Dungeon)
 u - a wand of paralysis (10)
   (You found it on level 6 of the Dungeon)
 v - a wand of digging (3)
Scrolls
 a - 2 scrolls of identify {@r1}
 c - 2 scrolls of fog
 d - a scroll of magic mapping
 g - 3 scrolls of enchant armour
 h - 3 scrolls of fear
 n - 2 scrolls of teleportation {@r4}
 s - a scroll of enchant weapon
Potions
 e - 4 potions of degeneration {!q}
 q - 2 potions of curing {@q1}
 x - 2 potions of berserk rage
 z - 2 potions of haste {@q3}
 A - a potion of cancellation {unknown}
 E - 2 potions of might
 F - 2 potions of stabbing
 J - 3 potions of ambrosia
 L - 2 potions of flight


   Skills:
 + Level 7.6 Fighting
 + Level 8.6 Maces & Flails
 - Level 1.5 Dodging
 - Level 3.3 Stealth
 + Level 3.0 Shields
 - Level 2.0 Spellcasting
 - Level 2.0 Necromancy
 + Level 5.7 Invocations


You had 11 spell levels left.
You knew the following spells:

 Your Spells              Type           Power        Failure   Level
z - Animate Skeleton      Necr           #.....       17%         1

Your spell library contained the following spells:

 Spells                   Type           Power        Failure   Level
 Apportation              Tloc           #.....       36%         1
 Corona                   Hex            #......      36%         1
 Summon Small Mammal      Summ           #...         36%         1
 Poisonous Vapours        Pois/Air       #.....       52%         2
 Conjure Flame            Conj/Fire      #.......     77%         3
 Mephitic Cloud           Conj/Pois/Air  #.......     77%         3
 Freezing Cloud           Conj/Ice/Air   #.........   100%        6


Dungeon Overview and Level Annotations

Branches:
Dungeon (8/15)             Temple (0/1) D:5
   Lair: D:8-11

Altars:
Dithmenos
Elyvilon
Hepliaklqana
Makhleb
Okawaru
Qazlal
Sif Muna
The Shining One

Annotations:
D:5 2 transporters, sinister's ghost, novice OpTm
D:8 Psyche


Innate Abilities, Weirdness & Mutations

You are completely covered in rugged brown scales. (AC +3, +7% HP)
You have supernaturally acute eyesight. (SInv)
Armour fits poorly on your strangely shaped body.
You can roll at foes to attack.
You have a long armoured tail.
Your spells are a little easier to cast, but a little less powerful.


Message History

* * * LOW HITPOINT WARNING * * *
The ufetubus barely misses you. You block the ufetubus's attack.
The ufetubus hits you but does no damage.
The ufetubus hits you but does no damage.
You block the ufetubus's attack.
Unknown command.
You are suddenly pulled into a different region of the Abyss!
An ancient zyme comes into view.
You feel yourself growing ill in the presence of the ancient zyme.
A vampire mage comes into view.
The vampire mage gestures wildly while chanting.
The vampire mage flickers and vanishes for a moment.
You feel yourself growing ill in the presence of the ancient zyme.
A white imp comes into view.
The white imp shouts!
As you read the scroll of teleportation {@r4}, it crumbles to dust.
You feel strangely unstable.
You feel the power of the Abyss delaying your translocation!
You are suddenly pulled into a different region of the Abyss!
You are suddenly pulled into a different region of the Abyss!
Found a corrupted altar of Lugonu.
A shadow imp comes into view.
The shadow imp shouts, "Scamper hence, thou peeagling ill-nurtured death-token!"
Found a potion of lignification.
A large abomination comes into view.
As you read the scroll of teleportation {@r4}, it crumbles to dust.
You feel strangely unstable.
You feel the power of the Abyss delaying your translocation!
Unknown command.
The shadow imp gestures at you. Pain shoots through your body!
You start resting.
The shadow imp completely misses you.
A shadow imp is nearby!
Unknown command.
You hit the shadow imp.
Your tail-slap misses the shadow imp.
The shadow imp hits you.
You closely miss the shadow imp. The shadow imp hits you.
You hit the shadow imp.
The shadow imp hits you but does no damage.
You sock the shadow imp!
You kill the shadow imp!
Qazlal accepts your kill.
You hit the large abomination but do no damage.
Your tail-slap misses the large abomination.
The large abomination hits you!!
* * * LOW HITPOINT WARNING * * *
It was a potion of curing.
You feel better. The large abomination hits you!!
You die...

..... # # .....
.## .#!... .# #.#
.. ......#
####..#..... ....#
#@#. .X..#.#... ..
#.X#.##.#.........
####..5 # . ...#
##. . ......##
###.. .... # . .
... .....#
#.##..#.#... .
#.#. .#. .......
#..##.. ....#.


You could see a large abomination.

Vanquished Creatures
  A hornet (D:7)
  A hippogriff (D:6)
  Sigmund (D:5)
  Eustachio (D:5)
  A small abomination (Abyss:1)
  A neqoxec (Abyss:1)
  A chaos spawn (Abyss:1)
  An ice beast (D:6)
  A phantom (D:7)
  A necrophage (D:6)
  3 ogres
  2 centaurs (D:6)
  A bullfrog (D:7)
  2 scorpions
  5 wights
  A howler monkey (D:5)
  5 orc wizards
  3 hounds
  A jelly (D:5)
  4 orc priests
  A centaur skeleton (D:5)
  6 worker ants
  A hound skeleton (D:5)
  A hound zombie (D:7)
  2 worker ant zombies
  3 gnolls
  9 adders
  A shadow imp (Abyss:1)
  3 white imps
  An adder zombie (D:5)
  2 worms
  2 dart slugs (D:1)
  A leopard gecko (D:6)
  23 orcs
  3 bats (D:1)
  6 giant cockroaches
  7 goblins
  8 hobgoblins
  10 jackals
  4 quokkas
  2 ball pythons
  4 frilled lizards
  3 kobolds
  A quokka zombie (D:7)
  7 rats
  A bush (D:6)
149 creatures vanquished.

Vanquished Creatures (others)
  A large abomination (Abyss:1)
  An orc (D:5)
  2 plants (D:6)
4 creatures vanquished.

Grand Total: 153 creatures vanquished

Notes
Turn   | Place    | Note
-------+----------+-------------------------------------------
     0 | D:5      | Brandom the Palentonga Delver began the quest for the Orb.
     0 | D:5      | Reached XP level 1. HP: 20/20 MP: 1/1
    51 | D:5      | Noticed a jelly
    92 | D:5      | Killed a jelly
    92 | D:5      | Reached skill level 3 in Maces & Flails
    92 | D:5      | Reached XP level 2. HP: 11/27 MP: 2/2
    92 | D:5      | Reached XP level 3. HP: 14/33 MP: 3/3
   412 | D:5      | Found a hazy altar of Hepliaklqana.
   572 | D:5      | Reached skill level 4 in Maces & Flails
   572 | D:5      | Reached XP level 4. HP: 42/42 MP: 4/4
   693 | D:5      | Found a transporter.
   694 | D:5      | Noticed an ogre
   695 | D:5      | Found a transporter.
   695 | D:5      | Noticed sinister's ghost (novice OpTm)
   724 | D:5      | Reached XP level 5. HP: 49/49 MP: 5/5
   906 | D:5      | Noticed Eustachio
   931 | D:5      | Reached skill level 5 in Maces & Flails
   963 | D:5      | Killed Eustachio
   963 | D:5      | Reached XP level 6. HP: 22/58 MP: 6/6
  1346 | D:4      | Reached skill level 6 in Maces & Flails
  1348 | D:4      | Reached skill level 5 in Fighting
  1662 | D:4      | Reached XP level 7. HP: 35/65 MP: 7/7
  2071 | D:2      | Found a stormy altar of Qazlal.
  2072 | D:2      | Found a shimmering blue altar of Sif Muna.
  2109 | D:2      | Became a worshipper of Qazlal Stormbringer
  2650 | D:1      | Reached * piety under Qazlal
  2819 | D:2      | Found an iron altar of Okawaru.
  3446 | D:3      | Found a glowing golden altar of the Shining One.
  3628 | D:3      | Reached skill level 1 in Invocations
  3809 | D:3      | Found a burning altar of Makhleb.
  3812 | D:3      | Found a white marble altar of Elyvilon.
  3815 | D:3      | Found a shadowy altar of Dithmenos.
  3999 | D:4      | Got a heavily runed turquoise ring
  4000 | D:4      | Identified the ring "Dearit" {rElec Stlth+} (You found it
                  | on level 4 of the Dungeon)
  4462 | D:5      | Noticed Sigmund
  4480 | D:5      | Killed Sigmund
  4480 | D:5      | Reached skill level 7 in Maces & Flails
  4512 | D:5      | Found a staircase to the Ecumenical Temple.
  4870 | D:5      | Reached XP level 8. HP: 48/74 MP: 8/10
  5118 | D:6      | Reached skill level 1 in Spellcasting
  5193 | D:5      | Reached ** piety under Qazlal
  5634 | D:6      | Noticed a hippogriff
  6027 | D:6      | Killed a hippogriff
  6027 | D:6      | Reached skill level 1 in Shields
  6360 | D:6      | Reached skill level 8 in Maces & Flails
  6937 | D:6      | Learned a level 1 spell: Animate Skeleton
  7339 | D:6      | Found a shimmering blue altar of Sif Muna.
  7608 | D:7      | Noticed a hornet
  7624 | D:7      | Killed a hornet
  7624 | D:7      | Reached skill level 1 in Necromancy
  7624 | D:7      | Reached XP level 9. HP: 55/84 MP: 12/12
  7656 | D:7      | Reached skill level 5 in Invocations
  8509 | D:7      | Found a glowing golden altar of the Shining One.
  8666 | D:8      | Noticed Psyche
  8678 | D:8      | Cast into level 1 of the Abyss (Psyche)
  8696 | Abyss:1  | Gained mutation: Your spells are a little easier to cast,
                  | but a little less powerful. [a neqoxec]
  8752 | Abyss:1  | Noticed a smoke demon
  8778 | Abyss:1  | Noticed a worldbinder
  8781 | Abyss:1  | Noticed a cane toad
  8793 | Abyss:1  | Noticed an Executioner
  8823 | Abyss:1  | Noticed a smoke demon
  8912 | Abyss:1  | Noticed an ancient zyme
  8931 | Abyss:1  | Noticed a vampire mage
  8955 | Abyss:1  | Found a corrupted altar of Lugonu.
  8981 | Abyss:1  | Noticed a large abomination
  8995 | Abyss:1  | Slain by a large abomination

Illustrated notes

Levels and vault maps discovered:
D:1:      dpeg_arrival_round_a, layout_basic
D:2:      layout_rooms, chequers_temple_overflow_statue_of_worship,
          okawaru_metal_pillars_1_2
D:3:      layout_loops_ring, grunt_temple_overflow_diamond,
          lemuel_altar_in_water
D:4:      layout_cave_pools
D:5:      layout_loops_ring, nicolae_overflow_hidden_temple, temple_pool_b,
          gammafunk_ghost_smash, uniq_eustachio, uniq_sigmund
D:6:      layout_loops_ring, kb_lookout_dungeons_type, corexii_shack,
          led_sif_pool
D:7:      layout_rooms, nicolae_tso_carved_into_rock
D:8:      layout_loops_ring, ashenzari_conservatory_becter, chequers_garden,
          uniq_maurice, uniq_psyche
Abyss:1:  base: D:8, lemuel_flamethrower_2, evilmike_abyss_exit_14,
          hangedman_abyss_or_decor_stagger

Skill      XL: |  1  2  3  4  5  6  7  8  9 |
---------------+----------------------------+-----
Maces & Flails | 3 4 5 6 7 8 |  8.6
Fighting       | 4 5 6 7 |  7.6
Invocations    | 2 4 5 |  5.7
Spellcasting   | 2 |  2.0
Shields        | 2 3 |  3.0
Necromancy     | 1 2 |  2.0
Dodging        | |  1.5
Stealth        | |  3.3

Action                   |  1- 3 |  4- 6 |  7- 9 || total
-------------------------+-------+-------+-------++-------
Melee: Mace              |    20 |    25 |       ||    45
       Tailslap          |     2 |    17 |    98 ||   117
       Dagger            |       |   155 |   721 ||   876
       Flail             |       |       |    28 ||    28
 Fire: Hunting sling     |       |       |     8 ||     8
Throw: Stone             |       |       |    15 ||    15
 Cast: Animate Skeleton  |       |       |     5 ||     5
 Abil: Rolling Charge    |     4 |     6 |    14 ||    24
  Use: Potion            |       |     2 |     1 ||     3
       Scroll            |       |       |    15 ||    15
 Stab: Sleeping          |       |       |     1 ||     1
Armor: Leather armour    |     6 |     1 |       ||     7
       Ring mail         |       |    73 |   174 ||   247
       Skin              |       |    22 |       ||    22
Dodge: Dodged            |    11 |    89 |   155 ||   255
Block: Buckler           |       |       |   103 ||   103

Table legend: (Time is in decaauts)
 A = Elapsed time spent in this place.
 B = Non-inter-level travel time spent in this place.
 C = Inter-level travel time spent in this place.
 D = Time resting spent in this place.
 E = Time spent auto-exploring this place.
 F = Levels seen in this place.
 G = Mean time per level.
                   A        B        C        D        E       F      G
               +--------+--------+--------+--------+--------+-----+--------+
         Total |   8715 |   8416 |    299 |   2213 |   4275 |   9 |  968.3 |
       Dungeon |   8399 |   8100 |    299 |   2209 |   4275 |   8 | 1049.9 |
         Abyss |    316 |    316 |      0 |      4 |      0 |   1 |  316.0 |
               +--------+--------+--------+--------+--------+-----+--------+

Top non-repeatable levels by time:
     D:5: 2312 daAuts
     D:6: 2144 daAuts
     D:4: 1194 daAuts
     D:7: 855 daAuts
     D:3: 732 daAuts
     D:1: 660 daAuts
     D:2: 477 daAuts
 Abyss:1: 316 daAuts
     D:8: 22 daAuts
